 Dungeon Crawl Stone Soup version 0.27.0 (webtiles) character file.

Game seed: 1442119961407984725

80 fiver49 the Slasher (level 4, 0/35 HPs)
             Began as a Djinni Gladiator on July 27, 2021.
             Slain by a gnoll (4 damage)
             ... on level 2 of the Dungeon on July 30, 2021.
             The game lasted 00:06:29 (2315 turns).

fiver49 the Slasher (Djinni Gladiator)              Turns: 2315, Time: 00:06:30

Health: 0/35       AC:  4    Str: 14    XL:     4   Next: 65%
Gold:   14         EV: 12    Int: 10    God:
                   SH:  0    Dex: 14

rFire    + + .     SeeInvis .   a - +0 long sword
rCold    x . .     Faith    .   (no shield)
rNeg     . . .     Spirit   .   b - +0 leather armour
rPois    ∞         Reflect  .   c - +0 helmet
rElec    .         Harm     .   (no cloak)
rCorr    .         Rampage  .   (no gloves)
Will     .....                  (boots unavailable)
Stlth    +.........             (no amulet)
HPRegen  0.11/turn              (no ring)
MPRegen  0.00/turn              (no ring)

@: flying
A: sickness immunity, fire resistance 2, cold vulnerability 1, float, innate
caster, hp casting, extra vitality 1
a: no special abilities


You were on level 2 of the Dungeon.
You visited 1 branch of the dungeon, and saw 2 of its levels.

You collected 14 gold pieces.

Inventory:

Hand Weapons
 a - a +0 long sword (weapon)
Missiles
 d - a throwing net (quivered)
 f - 13 boomerangs
Armour
 b - a +0 leather armour (worn)
 c - a +0 helmet (worn)
Potions
 i - a potion of haste {unknown}
 j - a potion of magic {unknown}


   Skills:
 + Level 3.2 Fighting
 - Level 3.7 Long Blades
 - Level 1.5 Throwing
 - Level 1.0 Armour
 - Level 3.2 Dodging
 - Level 0.1 Stealth


You had 2 spell levels left.
You knew the following spells:

 Your Spells              Type           Power      Damage    Failure   Level
a - Summon Small Mammal   Summ           0%         N/A       43%         1
Your spell library was empty.

Dungeon Overview and Level Annotations

Branches:
Dungeon (2/15)

Altars:

Annotations:
D:2 1 runed translucent door, exclusion: door, Crazy Yiuf, Jessica


Innate Abilities, Weirdness & Mutations

You are immune to sickness and miasma.
You are immune to poison.
Your flesh is very heat resistant. (rF++)
You are vulnerable to cold. (rC-)
You float through the air rather than walking.
You learn spells naturally, not from books.
Your magical power is your life essence.
You have superior vitality. (+4 HP)


Message History

You are too injured to fight recklessly!
You are too injured to fight recklessly!
You are too injured to fight recklessly!
You are too injured to fight recklessly!
You are too injured to fight recklessly!
You are too injured to fight recklessly!
You barely miss the gnoll.
The gnoll is severely wounded.
The gnoll hits you with a +0 whip.
The gnoll shouts!
You hit the gnoll.
You kill the gnoll!
You hear a shout! x2
Your Fighting skill increases to level 3!
Things that are here:
a +0 whip; a gnoll corpse You hit the gnoll but do no damage.
The gnoll hits you with a +0 club.
* * * LOW HITPOINT WARNING * * *
You barely miss the gnoll. The gnoll completely misses you.
You riposte.
You closely miss the gnoll. The gnoll hits you with a +0 club.
* * * LOW HITPOINT WARNING * * *
You slash the gnoll!
The gnoll is severely wounded.
The gnoll closely misses you.
You riposte.
You hit the gnoll.
The gnoll is severely wounded.
You hear a shout!
You barely miss the gnoll.
The gnoll is severely wounded.
The gnoll barely misses you.
You hit the gnoll.
The gnoll is severely wounded.
The gnoll misses you.
You riposte.
You hit the gnoll but do no damage.
The gnoll is severely wounded.
You hit the gnoll.
You kill the gnoll!
The gnoll misses you.
You hit the gnoll.
The gnoll is lightly wounded.
The gnoll hits you with a +0 spear.
You die...

#.######..g# #...#
#####
#.######...#########
#..)#
#................).. .
#...# ########....####
#.### ...
#####..######.# #+#
#...........#.# ♣♣.♣
##.#####g###..####g#.#
♣.♣♣ #......@#))g).#
##.#.# ♣♣.♣
##.#####.####.###....##
♣.♣♣ #.# #.....#gr.#
♣♣.♣♣ #.# #####.....#
♣...♣♣ #.# ##.#.g##
♣....♣ #.# #.#....
##..## ########.#######
#.#.### #....#
#............... .....
##...# #######.########
##.#.


You could see a gnoll.

Vanquished Creatures
  Robin (D:2)
  2 gnolls (D:2)
  An adder skeleton (D:2)
  2 ball pythons
  3 endoplasms (D:1)
  4 giant cockroaches
  12 goblins (D:2)
  2 hobgoblins (D:2)
  3 jackals (D:1)
  5 kobolds
  A quokka (D:1)
  4 bats
  A rat (D:2)
41 creatures vanquished.

Notes
Turn   | Place    | Note
-------+----------+-------------------------------------------
     0 | D:1      | fiver49 the Djinni Gladiator began the quest for the Orb.
     0 | D:1      | Reached XP level 1. HP: 18/18 MP: 0/0
   220 | D:1      | Reached XP level 2. HP: 5/23 MP: 0/0
   251 | D:1      | HP: 1/23 [giant cockroach (1)]
   276 | D:1      | HP: 1/23 [giant cockroach (2)]
   952 | D:1      | Found a faded altar of an unknown god.
  1207 | D:1      | Reached XP level 3. HP: 28/28 MP: 0/0
  1207 | D:1      | Learned a level 1 spell: Summon Small Mammal
  1237 | D:2      | Noticed Jessica
  1505 | D:2      | HP: 1/28 [gnoll (4)]
  1803 | D:2      | Reached skill level 1 in Armour
  1969 | D:2      | Found a runed translucent door.
  1970 | D:2      | Noticed Crazy Yiuf
  2276 | D:2      | Noticed Robin
  2278 | D:2      | Reached XP level 4. HP: 20/34 MP: 0/0
  2287 | D:2      | Killed Robin
  2303 | D:2      | Upgraded the game from 0.27-b1-23-g44b8eac545 to 0.27.0
  2315 | D:2      | Slain by a gnoll

Illustrated notes

Levels and vault maps discovered:
D:1:      saegor_arrival_simple_e, layout_basic,
          hellmonk_ecumenical_altar_leap_of_faith
D:2:      layout_loops_ring, minmay_stone_trees_small, minmay_heptomino_o4,
          uniq_jessica, uniq_crazy_yiuf_cottage, uniq_robin

Skill      XL: |  1  2  3  4 |
---------------+-------------+-----
Long Blades    | 3 |  3.7
Armour         | 1 |  1.0
Fighting       | 3 |  3.2
Throwing       | |  1.5
Dodging        | |  3.2
Stealth        | |  0.1

Action                   |  1- 3 |  4- 6 || total
-------------------------+-------+-------++-------
Melee: Long sword        |    90 |    20 ||   110
Throw: Boomerang         |    16 |       ||    16
       Throwing net      |     3 |       ||     3
 Cast: Summon Small Mamm |     3 |       ||     3
  Use: Scroll            |     4 |       ||     4
 Stab: Distracted        |     1 |       ||     1
Armor: Leather armour    |    39 |     1 ||    40
Dodge: Dodged            |    61 |    14 ||    75
       Rpst.: Long sword |    21 |     8 ||    29
